| TOP OF THE 1ST |
|
Boston Red Sox batting - Pitching for Oakland Athletics : RHP Elijah Daniels
|
|
Pitching: RHP Elijah Daniels
|
|
|
Batting: RHB Alois Wollf
|
0-0: Called Strike 0-1: Called Strike 0-2: Ball 1-2: Foul Ball, location: 2F 1-2: Fly out, F8 (Line Drive, 8LD, EV 98.1 MPH)
|
|
Batting: RHB Ray Llewellyn
|
0-0: Ball 1-0: Swinging Strike 1-1: Ball 2-1: Ball 3-1: Base on Balls
|
|
Batting: RHB David Price Jr.
|
0-0: Ball 1-0: Foul Ball, location: 2F 1-1: Called Strike 1-2: Foul Ball, location: 2F 1-2: Strikes out swinging
|
|
Batting: RHB Nick Esteves
|
0-0: Ball Ray Llewellyn is caught stealing 2nd base 2-4
|
| Top of the 1st over - 0 runs, 0 hits, 0 errors, 0 left on base; Boston 0 - Oakland 0 |
| BOTTOM OF THE 1ST |
|
Oakland Athletics batting - Pitching for Boston Red Sox : RHP Justin Stinson
|
|
Pitching: RHP Justin Stinson
|
|
|
Batting: RHB Jason May
|
0-0: Ball 1-0: Swinging Strike 1-1: Ball 2-1: Ball 3-1: Foul Ball, location: 2F 3-2: Strikes out swinging
|
|
Batting: RHB Randy Shrewsbury
|
0-0: Foul Ball, location: 2F 0-1: Ball 1-1: Foul Ball, location: 2F 1-2: Ground out U3 (Groundball, 3, EV 82.5 MPH)
|
|
Batting: RHB Muneo Kawachi
|
0-0: Ball 1-0: SINGLE (Flyball, 3D, EV 91.9 MPH)
|
|
Batting: LHB Bob Branham
|
0-0: SINGLE (Line Drive, 34D, EV 96.2 MPH) Muneo Kawachi to second Runner from 2nd tries for 3rd, SAFE, throw by RF made to third
|
|
Batting: SHB Quincy Bradford
|
0-0: SINGLE (Groundball, 4MD, EV 104.4 MPH) Muneo Kawachi scores Bob Branham to second
|
|
Batting: LHB Jeff Luvisi
|
0-0: Called Strike 0-1: Ball 1-1: Ball 2-1: Foul Ball, location: 2F 2-2: Ball 3-2: Foul Ball, location: 2F 3-2: Fly out, F8 (Line Drive, 8LM, EV 106.9 MPH)
|
| Bottom of the 1st over - 1 run, 3 hits, 0 errors, 2 left on base; Boston 0 - Oakland 1 |
| TOP OF THE 2ND |
|
Boston Red Sox batting - Pitching for Oakland Athletics : RHP Elijah Daniels
|
|
Batting: RHB Nick Esteves
|
0-0: Called Strike 0-1: Called Strike 0-2: Ball 1-2: Ball 2-2: Foul Ball, location: 2F 2-2: Foul Ball, location: 2F 2-2: Foul Ball, location: 2F 2-2: Ground out 5-3 (Groundball, 56, EV 108.8 MPH)
|
|
Batting: SHB Marvin Lawrence
|
0-0: Swinging Strike 0-1: Ball 1-1: SINGLE (Groundball, 34D, EV 103.1 MPH)
|
|
Batting: RHB Mike McElroy
|
0-0: Ball 1-0: SINGLE (Groundball, 6D, EV 96.2 MPH) Marvin Lawrence to second
|
|
Batting: RHB Dave Burwell
|
0-0: Called Strike 0-1: Swinging Strike 0-2: Foul Ball, location: 2F 0-2: Ball 1-2: Foul Ball, location: 2F 1-2: Foul Ball, location: 2F 1-2: Ball 2-2: Strikes out swinging
|
|
Batting: LHB Zack Guillen
|
0-0: Ball 1-0: Ball 2-0: Ball 3-0: Swinging Strike 3-1: Called Strike 3-2: Foul Ball, location: 2F 3-2: Foul Ball, location: 2F 3-2: SINGLE (Line Drive, 89S, EV 109.4 MPH) Marvin Lawrence to third Mike McElroy to second Marvin Lawrence scores Mike McElroy to third
|
|
Batting: SHB Willie Koviak
|
0-0: Ball 1-0: Ball 2-0: Ball 3-0: Ground out U3 (Groundball, 3, EV 81.2 MPH)
|
| Top of the 2nd over - 1 run, 3 hits, 0 errors, 2 left on base; Boston 1 - Oakland 1 |
| BOTTOM OF THE 2ND |
|
Oakland Athletics batting - Pitching for Boston Red Sox : RHP Justin Stinson
|
|
Batting: LHB Juan Concepcion
|
0-0: Foul Ball, location: 2F 0-1: Foul Ball, location: 2F 0-2: SINGLE (Groundball, 34D, EV 100.6 MPH)
|
|
Batting: RHB Garry Hash
|
0-0: Called Strike 0-1: Ball 1-1: Swinging Strike 1-2: Foul Ball, location: 2F 1-2: Strikes out swinging
|
|
Batting: RHB Larry Clark
|
0-0: Ball 1-0: Fly out, F8 (Line Drive, 8LD, EV 100.0 MPH)
|
|
Batting: RHB Jason May
|
0-0: Ball 1-0: SINGLE (Groundball, 23, EV 70.6 MPH) (infield hit) Juan Concepcion to second
|
|
Batting: RHB Randy Shrewsbury
|
0-0: Ball 1-0: Ball 2-0: Called Strike 2-1: Swinging Strike 2-2: Fly out, F4 (Popup, 4S, EV 76.9 MPH)
|
| Bottom of the 2nd over - 0 runs, 2 hits, 0 errors, 2 left on base; Boston 1 - Oakland 1 |
| TOP OF THE 3RD |
|
Boston Red Sox batting - Pitching for Oakland Athletics : RHP Elijah Daniels
|
|
Batting: RHB Alois Wollf
|
0-0: Ball 1-0: Foul Ball, location: 2F 1-1: Swinging Strike 1-2: Ball 2-2: Foul Ball, location: 2F 2-2: Foul Ball, location: 2F 2-2: SINGLE (Groundball, 56D, EV 109.4 MPH)
|
|
Batting: RHB Ray Llewellyn
|
0-0: Ball 1-0: SINGLE (Groundball, 34D, EV 94.4 MPH) Alois Wollf to second Runner from 2nd tries for 3rd, SAFE, throw by RF made to third Ray Llewellyn to second
|
|
Batting: RHB David Price Jr.
|
0-0: Ball 1-0: Ball 2-0: Ball 3-0: Base on Balls
|
|
Pitching: LHP Katsumi Takaki
|
|
|
Batting: RHB Nick Esteves
|
0-0: Foul Ball, location: 2F 0-1: Ball 1-1: Ball 2-1: Ball 3-1: Fly out, F4 (Popup, 4MD, EV 71.9 MPH)
|
|
Batting: SHB Marvin Lawrence
|
0-0: Ball 1-0: Ball 2-0: Ball 3-0: Base on Balls Alois Wollf scores Ray Llewellyn to third David Price Jr. to second
|
|
Batting: RHB Mike McElroy
|
0-0: Ball 1-0: Called Strike 1-1: Ball 2-1: Foul Ball, location: 2F 2-2: Ball 3-2: SINGLE (Line Drive, 5D, EV 94.4 MPH) Ray Llewellyn scores David Price Jr. to third Marvin Lawrence to second
|
|
Batting: RHB Dave Burwell
|
0-0: Foul Ball, location: 2F 0-1: Foul Ball, location: 2F 0-2: GRAND SLAM HOME RUN (Flyball, 8RXD, EV 111.9 MPH), Distance : 443 ft
|
|
Pitching: RHP Carlos Alaniz
|
|
|
Batting: LHB Zack Guillen
|
0-0: Ball 1-0: Foul Ball, location: 2F 1-1: Swinging Strike 1-2: SINGLE (Groundball, 34S, EV 65.0 MPH) (infield hit)
|
|
Batting: SHB Willie Koviak
|
0-0: Swinging Strike 0-1: Ball 1-1: Ball 2-1: Called Strike 2-2: Foul Ball, location: 2F 2-2: Ball 3-2: Strikes out looking
|
|
Batting: RHB Alois Wollf
|
0-0: Ball 1-0: Ground out 5-3 (Groundball, 56, EV 106.2 MPH)
|
| Top of the 3rd over - 6 runs, 5 hits, 0 errors, 1 left on base; Boston 7 - Oakland 1 |
| BOTTOM OF THE 3RD |
|
Oakland Athletics batting - Pitching for Boston Red Sox : RHP Justin Stinson
|
|
Batting: RHB Muneo Kawachi
|
0-0: SINGLE (Line Drive, 6MD, EV 104.4 MPH)
|
|
Batting: LHB Bob Branham
|
0-0: Called Strike 0-1: Fly out, F8 (Flyball, 89S, EV 90.0 MPH)
|
|
Pitching: RHP Jim Whiteman
|
|
|
Batting: SHB Quincy Bradford
|
0-0: Ball Muneo Kawachi steals 2nd base (no throw) 1-0: Ball 2-0: Ball 3-0: Base on Balls
|
|
Batting: LHB Jeff Luvisi
|
0-0: Called Strike 0-1: 3-RUN HOME RUN (Flyball, 9LD, EV 93.8 MPH), Distance : 353 ft
|
|
Batting: LHB Juan Concepcion
|
0-0: Called Strike 0-1: Swinging Strike 0-2: Ball 1-2: Strikes out looking
|
|
Batting: RHB Garry Hash
|
0-0: Swinging Strike 0-1: Ball 1-1: Foul Ball, location: 2F 1-2: Foul Ball, location: 2F 1-2: Foul Ball, location: 2F 1-2: Ball 2-2: Ball 3-2: SINGLE (Groundball, 4S, EV 71.9 MPH) (infield hit)
|
|
Batting: RHB Larry Clark
|
0-0: Called Strike Garry Hash steals 2nd base (no throw) 0-1: Foul Ball, location: 2F 0-2: Ball 1-2: Ball 2-2: Ball 3-2: Fly out, F9 (Flyball, 89D, EV 93.1 MPH)
|
| Bottom of the 3rd over - 3 runs, 3 hits, 0 errors, 1 left on base; Boston 7 - Oakland 4 |
| TOP OF THE 4TH |
|
Boston Red Sox batting - Pitching for Oakland Athletics : RHP Carlos Alaniz
|
|
Pitching: RHP Germano Nunes
|
|
|
Batting: RHB Ray Llewellyn
|
0-0: Ground out U3 (Groundball, 34, EV 103.1 MPH)
|
|
Batting: RHB David Price Jr.
|
0-0: Ball 1-0: SINGLE (Line Drive, 4MD, EV 98.8 MPH)
|
|
Pinch Hitting: RHB John Chiesa
|
0-0: Ball 1-0: Foul Ball, location: 2F 1-1: Ball 2-1: Called Strike 2-2: Ball 3-2: Fielders Choice at 2nd, 5-4 (Groundball, 5L, EV 105.6 MPH)
|
|
Batting: LHB Sakae Kasahara
|
0-0: Ball 1-0: Ball 2-0: Ball 3-0: Fly out, F7 (Line Drive, 7S, EV 105.0 MPH)
|
| Top of the 4th over - 0 runs, 1 hit, 0 errors, 1 left on base; Boston 7 - Oakland 4 |
| BOTTOM OF THE 4TH |
|
Oakland Athletics batting - Pitching for Boston Red Sox : RHP Jim Whiteman
|
|
Pitching: RHP Steve Capizzi
|
|
|
Now in CF: John Chiesa
|
|
|
Batting: LHB Tom Butterbaugh
|
0-0: Foul Ball, location: 2F 0-1: Foul Ball, location: 2F 0-2: Ball 1-2: Ground out 6-3 (Groundball, 56D, EV 105.0 MPH)
|
|
Batting: RHB Randy Shrewsbury
|
0-0: SINGLE (Line Drive, 89S, EV 103.1 MPH)
|
|
Pinch Hitting: LHB Tomas Segarra
|
0-0: Ball Randy Shrewsbury is caught stealing 2nd base 2-6 1-0: Ball 2-0: Ball 3-0: Foul Ball, location: 2F 3-1: Foul Ball, location: 2F 3-2: Base on Balls
|
|
Batting: LHB Bob Branham
|
0-0: Called Strike 0-1: Ball Tomas Segarra steals 2nd, throwing error, E2 Tomas Segarra to third 1-1: Called Strike 1-2: Foul Ball, location: 2F 1-2: Fly out, F8 (Flyball, 8RM, EV 93.8 MPH)
|
| Bottom of the 4th over - 0 runs, 1 hit, 1 error, 1 left on base; Boston 7 - Oakland 4 |
| TOP OF THE 5TH |
|
Boston Red Sox batting - Pitching for Oakland Athletics : RHP Germano Nunes
|
|
Now at 2B: Ryan Langlois
|
|
|
Now at 3B: Robert Santiago
|
|
|
Now at SS: Larry Clark
|
|
|
Now in CF: Tomas Segarra
|
|
|
Pinch Hitting: RHB Joe Sandoval
|
0-0: Ball 1-0: Foul Ball, location: 2F 1-1: Swinging Strike 1-2: Foul Ball, location: 2F 1-2: Ball 2-2: Ball 3-2: Foul Ball, location: 2F 3-2: Strikes out swinging
|
|
Batting: RHB Dave Burwell
|
0-0: Called Strike 0-1: Foul Ball, location: 2F 0-2: Ball 1-2: Foul Ball, location: 2F 1-2: Strikes out looking
|
|
Pinch Hitting: RHB Jose Diaz
|
0-0: Ball 1-0: Swinging Strike 1-1: Ball 2-1: Foul Ball, location: 2F 2-2: Fly out, F8 (Flyball, 8RD, EV 98.1 MPH)
|
| Top of the 5th over - 0 runs, 0 hits, 0 errors, 0 left on base; Boston 7 - Oakland 4 |
| BOTTOM OF THE 5TH |
|
Oakland Athletics batting - Pitching for Boston Red Sox : RHP Steve Capizzi
|
|
Now at 1B: Ben Ervin
|
|
|
Now at 2B: Joe Sandoval
|
|
|
Now in LF: Jose Diaz
|
|
|
Batting: SHB Robert Santiago
|
0-0: Called Strike 0-1: Foul Ball, location: 2F 0-2: Foul Ball, location: 2F 0-2: Ball 1-2: Strikes out looking
|
|
Batting: LHB Jeff Luvisi
|
0-0: Foul Ball, location: 2F 0-1: Ball 1-1: Foul Ball, location: 2F 1-2: Ball 2-2: DOUBLE (Flyball, 8RXD, EV 87.5 MPH)
|
|
Batting: LHB Juan Concepcion
|
0-0: Ball 1-0: Ground out 4-3 (Groundball, 4, EV 107.5 MPH) Jeff Luvisi to third
|
|
Batting: RHB Garry Hash
|
0-0: Called Strike 0-1: Ball 1-1: Called Strike 1-2: Foul Ball, location: 2F 1-2: Strikes out swinging
|
| Bottom of the 5th over - 0 runs, 1 hit, 0 errors, 1 left on base; Boston 7 - Oakland 4 |
| TOP OF THE 6TH |
|
Boston Red Sox batting - Pitching for Oakland Athletics : RHP Germano Nunes
|
|
Pitching: LHP Kevin Clark
|
|
|
Now at SS: Chris Prinzing
|
|
|
Pinch Hitting: RHB Elijah Campbell
|
0-0: Ball 1-0: Called Strike 1-1: Foul Ball, location: 2F 1-2: Hit by Pitch
|
|
Pinch Hitting: RHB Armando Vilano
|
0-0: Foul Ball, location: 2F 0-1: Fly out, F7 (Line Drive, 7S, EV 89.4 MPH)
|
|
Batting: RHB Ray Llewellyn
|
0-0: Foul Ball, location: 2F 0-1: Ball 1-1: Ball 2-1: Called Strike Elijah Campbell steals 2nd base 2-2: Strikes out swinging
|
|
Pinch Hitting: LHB Kevin McCormic Jr.
|
0-0: Swinging Strike 0-1: Swinging Strike 0-2: Ball 1-2: Ground out 6-3 (Groundball, 6, EV 100.0 MPH)
|
| Top of the 6th over - 0 runs, 0 hits, 0 errors, 1 left on base; Boston 7 - Oakland 4 |
| BOTTOM OF THE 6TH |
|
Oakland Athletics batting - Pitching for Boston Red Sox : RHP Steve Capizzi
|
|
Pitching: RHP Jeremy Hernandez
|
|
|
Now at 1B: Jarrett Mordecai
|
|
|
Now at 3B: Armando Vilano
|
|
|
Now at SS: Elijah Campbell
|
|
|
Now in RF: Ben Ervin
|
|
|
Batting: RHB Chris Prinzing
|
0-0: Swinging Strike 0-1: Foul Ball, location: 2F 0-2: Ball 1-2: Foul Ball, location: 2F 1-2: Strikes out swinging
|
|
Batting: LHB Tom Butterbaugh
|
0-0: Ball 1-0: Called Strike 1-1: Foul Ball, location: 2F 1-2: Ball 2-2: Strikes out swinging
|
|
Batting: SHB Ryan Langlois
|
0-0: Ball 1-0: Ball 2-0: Ground out 5-3 (Groundball, 5, EV 103.8 MPH)
|
| Bottom of the 6th over - 0 runs, 0 hits, 0 errors, 0 left on base; Boston 7 - Oakland 4 |
| TOP OF THE 7TH |
|
Boston Red Sox batting - Pitching for Oakland Athletics : LHP Kevin Clark
|
|
Pitching: RHP A.J. Marston
|
|
|
Batting: RHB John Chiesa
|
0-0: Ball 1-0: Ball 2-0: Foul Ball, location: 2F 2-1: Fly out, F8 (Flyball, 8LM, EV 80.6 MPH)
|
|
Batting: LHB Sakae Kasahara
|
0-0: Ball 1-0: Called Strike 1-1: Foul Ball, location: 2F 1-2: Strikes out swinging
|
|
Batting: RHB Joe Sandoval
|
0-0: Ball 1-0: Called Strike 1-1: Ball 2-1: SINGLE (Groundball, 4MS, EV 65.0 MPH) (infield hit)
|
|
Batting: SHB Ben Ervin
|
0-0: Called Strike 0-1: SINGLE (Line Drive, 5D, EV 96.9 MPH) Joe Sandoval to second
|
|
Batting: RHB Jose Diaz
|
0-0: Ball 1-0: Called Strike 1-1: Fly out, F8 (Line Drive, 8LM, EV 94.4 MPH)
|
| Top of the 7th over - 0 runs, 2 hits, 0 errors, 2 left on base; Boston 7 - Oakland 4 |
| BOTTOM OF THE 7TH |
|
Oakland Athletics batting - Pitching for Boston Red Sox : RHP Jeremy Hernandez
|
|
Pitching: RHP John Jordan
|
|
|
Batting: LHB Tomas Segarra
|
0-0: Called Strike 0-1: Ball 1-1: Foul Ball, location: 2F 1-2: SOLO HOME RUN (Flyball, 9D, EV 95.6 MPH), Distance : 371 ft
|
|
Pinch Hitting: RHB Tim Cordle
|
0-0: Called Strike 0-1: Foul Ball, location: 2F 0-2: Ball 1-2: Ball 2-2: Strikes out looking
|
|
Batting: SHB Robert Santiago
|
0-0: Ball 1-0: Foul Ball, location: 2F 1-1: Ball 2-1: Ball 3-1: Fly out, F8 (Flyball, 8LD, EV 103.8 MPH)
|
|
Pinch Hitting: RHB Nick Gentzel
|
0-0: Ball 1-0: Ball 2-0: Ball 3-0: Base on Balls
|
|
Pinch Hitting: LHB R.J. O'Brien
|
0-0: Called Strike Nick Gentzel steals 2nd base 0-1: Ball 1-1: Ball 2-1: DOUBLE (Flyball, 8RXD, EV 91.2 MPH) Nick Gentzel scores
|
|
Batting: RHB Garry Hash
|
0-0: Ball 1-0: Swinging Strike 1-1: Foul Ball, location: 2F 1-2: Strikes out looking
|
| Bottom of the 7th over - 2 runs, 2 hits, 0 errors, 1 left on base; Boston 7 - Oakland 6 |
| TOP OF THE 8TH |
|
Boston Red Sox batting - Pitching for Oakland Athletics : RHP A.J. Marston
|
|
Now at 1B: Tim Cordle
|
|
|
Now in LF: R.J. O'Brien
|
|
|
Now in RF: Nick Gentzel
|
|
|
Batting: RHB Elijah Campbell
|
0-0: Ball 1-0: Foul Ball, location: 2F 1-1: Ball 2-1: Foul Ball, location: 2F 2-2: Ground out 6-3 (Groundball, 6MS, EV 82.5 MPH)
|
|
Batting: RHB Armando Vilano
|
0-0: SINGLE (Line Drive, 8RS, EV 88.1 MPH)
|
|
Batting: RHB Ray Llewellyn
|
0-0: Ball 1-0: Called Strike 1-1: Ball 2-1: Called Strike 2-2: Strikes out swinging
|
|
Pitching: LHP Kalaida Steedman
|
|
|
Batting: LHB Jarrett Mordecai
|
0-0: Called Strike 0-1: Called Strike 0-2: Ball 1-2: Foul Ball, location: 2F 1-2: Ball Armando Vilano is caught stealing 2nd base 2-6
|
| Top of the 8th over - 0 runs, 1 hit, 0 errors, 0 left on base; Boston 7 - Oakland 6 |
| BOTTOM OF THE 8TH |
|
Oakland Athletics batting - Pitching for Boston Red Sox : RHP John Jordan
|
|
Pitching: LHP John Hotham
|
|
|
Batting: RHB Chris Prinzing
|
0-0: Ball 1-0: Ground out 6-3 (Groundball, 6, EV 90.0 MPH)
|
|
Batting: RHB David Herrera
|
0-0: Foul Ball, location: 2F 0-1: SINGLE (Line Drive, 7LM, EV 110.6 MPH)
|
|
Batting: SHB Ryan Langlois
|
0-0: Ball 1-0: Foul Ball, location: 2F 1-1: Ball 2-1: Swinging Strike 2-2: Strikes out swinging
|
|
Pinch Hitting: RHB Eric Delgado
|
0-0: Ball 1-0: Ball 2-0: Called Strike 2-1: Called Strike 2-2: Strikes out swinging
|
| Bottom of the 8th over - 0 runs, 1 hit, 0 errors, 1 left on base; Boston 7 - Oakland 6 |
| TOP OF THE 9TH |
|
Boston Red Sox batting - Pitching for Oakland Athletics : LHP Kalaida Steedman
|
|
Pitching: RHP Victor Sanchez
|
|
|
Now in CF: Eric Delgado
|
|
|
Batting: LHB Jarrett Mordecai
|
0-0: Called Strike 0-1: Ball 1-1: Ball 2-1: Ball 3-1: Swinging Strike 3-2: Base on Balls
|
|
Batting: RHB John Chiesa
|
0-0: Ball 1-0: Ball 2-0: Ball 3-0: Called Strike 3-1: DOUBLE (Line Drive, 7LS, EV 92.5 MPH) Jarrett Mordecai to third
|
|
Batting: SHB Greg Shaw
|
0-0: Intentional Walk
|
|
Pinch Hitting: LHB Tim Fuller
|
0-0: Foul Ball, location: 2F 0-1: Ball 1-1: Called Strike 1-2: Grounds into fielders choice 3-2 (Groundball, 34S, EV 79.4 MPH) John Chiesa to third Greg Shaw to second
|
|
Batting: SHB Ben Ervin
|
0-0: Ball 1-0: Foul Ball, location: 2F 1-1: Foul Ball, location: 2F 1-2: Foul Ball, location: 2F 1-2: Strikes out swinging
|
|
Batting: RHB Jose Diaz
|
0-0: Called Strike 0-1: Foul Ball, location: 2F 0-2: Strikes out swinging
|
| Top of the 9th over - 0 runs, 1 hit, 0 errors, 3 left on base; Boston 7 - Oakland 6 |
| BOTTOM OF THE 9TH |
|
Oakland Athletics batting - Pitching for Boston Red Sox : LHP John Hotham
|
|
Pitching: LHP Adam Schneidewind
|
|
|
Now at 2B: Tim Fuller
|
|
|
Batting: RHB Tim Cordle
|
0-0: Called Strike 0-1: Swinging Strike 0-2: Ball 1-2: Strikes out swinging
|
|
Pinch Hitting: LHB Al Hernandez
|
0-0: Called Strike 0-1: Ball 1-1: Ground out U3 (Groundball, 34, EV 88.8 MPH)
|
|
Batting: RHB Nick Gentzel
|
0-0: Ball 1-0: Ground out 6-3 (Groundball, 6, EV 92.5 MPH)
|
| Bottom of the 9th over - 0 runs, 0 hits, 0 errors, 0 left on base; Boston 7 - Oakland 6 |
|